 Dungeon Crawl Stone Soup version 0.32-a0-520-g344ed53f66 (webtiles) character file.

Game seed: 5657364158211760850

59 Strat the Chopper (level 3, 0/33 HPs)
             Began as a Mountain Dwarf Fighter on Feb 27, 2024.
             Slain by Sigmund
             ... wielding a +0 scythe
              (8 damage)
             ... on level 3 of the Dungeon.
             The game lasted 00:02:31 (1549 turns).

Strat the Chopper (Mountain Dwarf Fighter)          Turns: 1549, Time: 00:02:32

Health: 0/33       AC:  8    Str: 20    XL:     3   Next: 78%
Magic:  3/3        EV:  9    Int:  8    God:
Gold:   34         SH:  0    Dex:  9    Spells: 2/2 levels left

rFire   . . .        a - +0 war axe
rCold   . . .        c - +0 buckler
rNeg    . . .        b - +0 scale mail
rPois   .            o - +0 helmet
rElec   .            (no cloak)
rCorr   .            (no gloves)
SInv    .            (no boots)
Will    .....        (no amulet) Stlth
                     (no ring)
HPRegen 0.25/turn    (no ring)
MPRegen 0.08/turn

%: no passive effects
@: confused
A: runic magic, artefact enchanting
a: no special abilities


You were on level 3 of the Dungeon.
You visited 1 branch of the dungeon, and saw 3 of its levels.

You collected 34 gold pieces.

Inventory:

Hand Weapons
 a - a +0 war axe (weapon)
Armour
 b - a +0 scale mail (worn)
 c - a +0 buckler (worn)
 o - a +0 helmet (worn)
Jewellery
 i - a ring of fire
 p - a ring of resist corrosion
Scrolls
 e - a scroll of revelation {unknown}
 g - a scroll of immolation {unknown}
 h - 2 scrolls of identify {unknown}
 j - a scroll of teleportation {unknown}
 k - 2 scrolls of poison {unknown}
 l - 2 scrolls of enchant weapon {unknown}
 n - 3 scrolls of summoning {unknown}
Potions
 d - a potion of might
 f - a potion of brilliance {unknown}
 m - a potion of lignification {unknown}
 q - a potion of mutation {unknown}
 r - a potion of haste {unknown}


   Skills:
 + Level 3.8 Fighting
 * Level 4.0 Axes
 + Level 3.9 Armour
 - Level 3.2 Shields


You had 2 spell levels left.
You didn't know any spells.
Your spell library contained the following spells:

 Spells                   Type           Power      Damage    Failure   Level
 Call Canine Familiar     Summ           0%         N/A       91%         3
 Sigil of Binding         Hex            0%         N/A       91%         3
 Dimensional Bullseye     Hex/Tloc       0%         N/A       100%        4


Dungeon Overview and Level Annotations

Branches:
Dungeon (3/15)

Altars:
Sif Muna

Annotations:
D:3 Sigmund


Innate Abilities, Weirdness & Mutations

Your spellcasting is much less encumbered by armour.
You can use scrolls of enchantment on lesser artefacts.


Message History

Found a shimmering blue altar of Sif Muna.
Sigmund gestures at you while chanting. You resist with some effort.
Found a sapphire potion.
Sigmund barely misses you.
An adder comes into view.
Found a dark potion.
Sigmund points at you and mumbles some strange words.
The puff of flame hits you!
You closely miss Sigmund. Sigmund hits you with a +0 scythe.
* * * LOW HITPOINT WARNING * * *
You closely miss Sigmund. You block Sigmund's attack.
You hit Sigmund.
Sigmund is lightly wounded.
Sigmund hits you with a +0 scythe.
* * * LOW HITPOINT WARNING * * *
You hit Sigmund.
Sigmund is moderately wounded.
You hit Sigmund.
Sigmund is heavily wounded.
Sigmund points at you and mumbles some strange words.
You are confused.
Sigmund hits you but does no damage.
Unknown command.
You bump into the rock wall.
You're too confused to move!
Sigmund hits you with a +0 scythe!
* * * LOW HITPOINT WARNING * * *
You barely miss Sigmund.
Sigmund is heavily wounded.
Sigmund gestures at you while chanting. You resist with some effort.
You miss Sigmund.
Sigmund is heavily wounded.
Sigmund gestures at you while chanting.
You are more confused.
Unknown command.
You bump into the rock wall.
Sigmund hits you with a +0 scythe.
* * * LOW HITPOINT WARNING * * *
You're too confused to move!
Sigmund hits you with a +0 scythe!
You die...
Sigmund begins carving another notch in his scythe.

#...........#
#...........#
#...........#
#...........#
#...........#
#...........#
###.##..##..##
#....##.###.##
#......@.....#
#..####@####.#
.S. . .....
.......
...._....
.#!......#.
#.#.......#!.


You could see Sigmund and an adder.

Vanquished Creatures
  A dart slug (D:2)
  5 endoplasms
  3 giant cockroaches
  4 goblins
  3 hobgoblins (D:2)
  5 jackals (D:1)
  8 kobolds
  4 quokkas (D:2)
  3 ball pythons
  7 bats
  5 frilled lizards
  4 rats (D:1)
52 creatures vanquished.

Notes
Turn   | Place    | Note
-------+----------+-------------------------------------------
     0 | D:1      | Strat the Mountain Dwarf Fighter began the quest for the
                  | Orb.
     0 | D:1      | Reached XP level 1. HP: 19/19 MP: 1/1
    97 | D:1      | Reached XP level 2. HP: 25/26 MP: 2/2
   108 | D:1      | Reached skill level 3 in Axes
   447 | D:1      | You fall into a shaft and drop 1 floor!
   493 | D:1      | Reached XP level 3. HP: 30/31 MP: 3/3
  1527 | D:3      | Reached skill level 4 in Axes
  1534 | D:3      | Noticed Sigmund
  1536 | D:3      | Found a shimmering blue altar of Sif Muna.
  1549 | D:3      | Slain by Sigmund

Illustrated notes

Levels and vault maps discovered:
D:1:      amcnicky_arrival_double_pillar, layout_basic
D:2:      layout_rooms, solitary_fountain
D:3:      layout_basic, old_standard_altar, minmay_misc_feat_roman, uniq_sigmund

Skill      XL: |  1  2  3 |
---------------+----------+-----
Axes           | 3 4 |  4.0
Fighting       | |  3.8
Armour         | |  3.9
Shields        | |  3.2

Action                     || total
---------------------------++-------
  Melee: War axe           ||   150
 Armour: Scale mail        ||   120
  Dodge: Dodged            ||   100
         Repelled          ||     2
  Block: Buckler           ||    41

Table legend: (Time is in decaauts)
 A = Elapsed time spent in this place.
 B = Non-inter-level travel time spent in this place.
 C = Inter-level travel time spent in this place.
 D = Time resting spent in this place.
 E = Time spent auto-exploring this place.
 F = Levels seen in this place.
 G = Mean time per level.
                   A        B        C        D        E       F      G
               +--------+--------+--------+--------+--------+-----+--------+
         Total |   1602 |   1558 |     44 |      0 |   1162 |   3 |  534.0 |
       Dungeon |   1602 |   1558 |     44 |      0 |   1162 |   3 |  534.0 |
               +--------+--------+--------+--------+--------+-----+--------+

Top non-repeatable levels by time:
     D:1: 1027 daAuts
     D:2: 480 daAuts
     D:3: 93 daAuts
